 Dungeon Crawl Stone Soup version 0.30.1-4-g462c640d31 (webtiles) character file.

Game seed: 5113182600812306826

4128 boopmooplesden the Protected (level 10, -11/132 HPs)
             Began as an Armataur Berserker on Aug 14, 2023.
             Was a High Priest of Trog.
             Mangled by an orc warrior
             ... wielding a +0 war axe
              (13 damage)
             ... in a bailey.
             The game lasted 00:12:10 (6225 turns).

boopmooplesden the Protected (Armataur Berserker)   Turns: 6225, Time: 00:12:11

Health: -11/132    AC: 26    Str: 27    XL:     10   Next: 6%
Magic:  10/10      EV:  4    Int:  7    God:    Trog [*****.]
Gold:   454        SH:  0    Dex: 10    Spells: 9/9 levels left

rFire   + . .        d - +3 flail (protect)
rCold   + + .        (no shield)
rNeg    + + +        x - +4 gold dragon scales of the Devil's Advocate {*Slow +Blink rPois rF+ rC+ rN++ Slay+5}
rPois   +            (no helmet)
rElec   .            j - +0 cloak
rCorr   .            (no gloves)
SInv    .            (no barding)
Will    .....        (no amulet) Stlth
                     g - ring of positive energy
HPRegen 0.42/turn    z - ring of protection from cold
MPRegen 0.12/turn

%: slow self (1%), roll
@: berserking, under a protective aura, very quick
A: large, rugged brown scales 3, deformed body, armoured tail, roll, long
tongue, awkward tongue
a: Renounce Religion, Evoke Blink, Berserk, Trog's Hand, Brothers in Arms


You were in a bailey.
You worshipped Trog.
Trog was extremely pleased with you.
You visited 1 branch of the dungeon, and saw 7 of its levels.
You also visited: Sewer and Bailey.

You collected 454 gold pieces.

Inventory:

Hand Weapons
 a - a +0 mace
 d - a +3 flail of protection (weapon)
 k - a +0 hammer
 m - the +7 dagger "Beast's Death Toll" {drain, rC- MP+9 Stlth+}
   (You found it on level 5 of the Dungeon)

   rC:        It makes you vulnerable to cold.
   MP:        It affects your magic capacity (+9).
   Stlth:     It makes you more stealthy.
Missiles
 y - 7 boomerangs (quivered)
Armour
 b - a +0 animal skin
 e - a +0 scale mail
 j - a +0 cloak (worn)
 o - a +0 chain mail
 w - +0 shadow dragon scales
 x - the +4 gold dragon scales of the Devil's Advocate (worn) {*Slow +Blink rPois rF+ rC+ rN++ Slay+5}
   (You acquired it on level 5 of the Dungeon)

   Slay:      It affects your accuracy & damage with ranged weapons and melee
   (+5).
   rF:        It protects you from fire.
   rC:        It protects you from cold.
   rPois:     It protects you from poison.
   rN:        It greatly protects you from negative energy.
   +Blink:    It lets you blink.
   *Slow:     It may slow you when you take damage.
Jewellery
 g - a ring of positive energy (left hand)
 z - a ring of protection from cold (right hand)
 E - a ring of see invisible
 F - a +6 ring of strength
Wands
 l - a wand of charming (12)
 r - a wand of flame (6)
 G - a wand of polymorph (13)
Scrolls
 i - 6 scrolls of identify
 t - a scroll of torment {unknown}
 v - 2 scrolls of fear
 A - a scroll of fog
 B - a scroll of enchant weapon
 C - a scroll of teleportation
 H - a scroll of magic mapping
Potions
 c - 2 potions of degeneration {unknown}
 f - 3 potions of heal wounds {unknown}
 h - 5 potions of curing
 n - a potion of haste {unknown}
 p - 2 potions of resistance {unknown}
 q - a potion of flight {unknown}
 s - 2 potions of ambrosia {unknown}
 u - 2 potions of attraction {unknown}
 D - a potion of cancellation {unknown}


   Skills:
 + Level 6.0 Fighting
 + Level 9.2 Maces & Flails
 + Level 9.4 Armour
 + Level 3.5 Dodging
 + Level 3.5 Stealth


You had 9 spell levels left.
You didn't know any spells.
Your spell library was empty.

Dungeon Overview and Level Annotations

Branches:
Dungeon (7/15)             Temple (0/1) D:7           Sewer (visited)
 Bailey (1/1)

Altars:
Hepliaklqana
Ru
Uskayaw
Yredelemnul
The Shining One


Innate Abilities, Weirdness & Mutations

You are completely covered in rugged brown scales. (AC +3, +7% HP)
Armour fits poorly on your strangely shaped body.
You have a long armoured tail.
You roll when moving toward enemies. (Rampage)
Your long tongue fully drains potion bottles. (2x potion effects)
Your tongue gives you trouble enunciating. (1.5x scroll delay)


Message History

The orc knight hits you with a +0 war axe!
You hit the orc knight.
The orc knight is heavily wounded.
The orc warrior hits you with a +0 war axe.
The gnoll hits you but does no damage.
The orc knight hits you with a +0 war axe!
You closely miss the orc knight.
The orc knight is heavily wounded.
You sock the orc knight!
The orc knight is severely wounded.
The orc warrior barely misses you. The gnoll barely misses you.
The orc knight hits you with a +0 war axe!!
* * * LOW HITPOINT WARNING * * *
You barely miss the orc knight.
The orc knight is severely wounded.
You sock the orc knight!
Your tail-slap misses the orc knight.
The orc knight is almost dead.
The orc warrior hits you but does no damage.
The gnoll hits you but does no damage.
The orc knight hits you but does no damage.
You closely miss the orc knight.
You tail-slap the orc knight, but do no damage.
The orc knight is almost dead.
The orc warrior hits you but does no damage.
The gnoll barely misses you.
The orc knight hits you with a +0 war axe.
* * * LOW HITPOINT WARNING * * *
You barely miss the orc knight.
The orc knight is almost dead.
You barely miss the orc knight.
The orc knight is almost dead.
The orc warrior jeers loudly.
The orc warrior hits you but does no damage.
The gnoll hits you but does no damage.
The orc knight hits you with a +0 war axe!!
* * * LOW HITPOINT WARNING * * *
You sock the orc knight!
The orc knight is almost dead.
The orc warrior hits you with a +0 war axe!
You die...

#..........)#......
#.........)))......
#.....⌠....)#.....⌠
#...........#......
#...........#......
###.........###.....
###.#)#.....###
###...
###...))###.### ###.
#!....g@..### ##
!?....oo..8# #
!.........8# #
∩....⌠.....+ #
!.........8# #
?!........8# #
#!........## #
###.....###


You could see an orc knight (strong), an orc warrior (strong) and a gnoll.

Vanquished Creatures
  An orc knight (Bailey)
  Grinder (D:4)
  Sigmund (D:3)
  Menkaure (D:5)
  2 water moccasins
  A black bear (D:5)
  4 orc warriors (Bailey)
  3 ice beasts
  An ogre (D:5)
  3 centaurs (D:7)
  A phantom (D:5)
  Blork the orc (D:6)
  2 scorpions
  4 bullfrogs
  5 killer bees (D:6)
  A howler monkey (D:7)
  5 hounds
  2 gnoll boudas
  2 jellies
  Crazy Yiuf (D:2)
  6 orc priests
  5 iguanas
  Natasha (thrice) (D:3)
  An orc wizard (D:4)
  16 gnolls
  13 adders
  A shadow imp (D:6)
  A white imp (D:6)
  An ufetubus (D:5)
  4 dart slugs
  22 orcs
  9 ball pythons
  8 endoplasms
  13 giant cockroaches
  17 goblins
  12 hobgoblins
  8 jackals
  5 kobolds
  10 quokkas
  4 bats
  14 frilled lizards
  9 rats
224 creatures vanquished.

Notes
Turn   | Place    | Note
-------+----------+-------------------------------------------
     0 | D:1      | boopmooplesden the Armataur Berserker began the quest for
                  | the Orb.
     0 | D:1      | Reached XP level 1. HP: 19/19 MP: 1/1
   172 | D:1      | Reached XP level 2. HP: 26/26 MP: 2/2
   881 | D:2      | Reached XP level 3. HP: 33/33 MP: 3/3
  1163 | D:2      | Reached ** piety under Trog
  1292 | D:2      | Found a runed translucent door.
  1293 | D:2      | Noticed Crazy Yiuf
  1299 | D:2      | Killed Crazy Yiuf
  1300 | D:2      | Reached XP level 4. HP: 40/40 MP: 4/4
  1402 | D:3      | Reached XP level 5. HP: 15/48 MP: 5/5
  1757 | D:3      | Noticed Natasha
  1766 | D:3      | Killed Natasha
  1831 | D:3      | Noticed Sigmund
  1840 | D:3      | Killed Sigmund
  1841 | D:3      | Reached XP level 6. HP: 55/55 MP: 6/6
  1878 | D:3      | Noticed Natasha
  1889 | D:3      | Killed Natasha
  2232 | D:3      | Noticed Natasha
  2237 | D:3      | Killed Natasha
  2347 | D:3      | Reached skill level 5 in Armour
  2659 | D:4      | Found a glowing drain.
  2682 | D:4      | Reached *** piety under Trog
  2683 | D:4      | Reached skill level 5 in Maces & Flails
  2683 | D:4      | Reached skill level 1 in Stealth
  2683 | D:4      | Reached XP level 7. HP: 63/63 MP: 7/7
  2760 | Sewer    | Entered a sewer
  3549 | D:4      | Noticed Grinder
  3550 | D:4      | Reached **** piety under Trog
  3570 | D:4      | Paralysed by Grinder for 5 turns
  3600 | D:4      | Killed Grinder
  3601 | D:4      | Reached XP level 8. HP: 41/71 MP: 8/8
  4037 | D:5      | Entered Level 5 of the Dungeon
  4056 | D:5      | Found a hide-covered altar of Uskayaw.
  4078 | D:5      | Identified the +7 dagger "Beast's Death Toll" {drain, rC-
                  | MP+9 Stlth+}
  4284 | D:5      | Noticed Menkaure
  4294 | D:5      | Killed Menkaure
  4467 | D:5      | Reached skill level 5 in Fighting
  4644 | D:5      | Reached XP level 9. HP: 35/79 MP: 9/9
  4912 | D:5      | Identified a scroll of acquirement
  4912 | D:5      | Acquired the +4 gold dragon scales of the Devil's Advocate
                  | {*Slow +Blink rPois rF+ rC+ rN++ Slay+5}
  5386 | D:6      | Found a glowing golden altar of the Shining One.
  5388 | D:6      | Noticed an angel
  5393 | D:6      | Found a basalt altar of Yredelemnul.
  5395 | D:6      | Noticed a profane servitor
  5450 | D:6      | Noticed Blork the orc
  5455 | D:6      | Killed Blork the orc
  5482 | D:6      | Found a hazy altar of Hepliaklqana.
  5576 | D:6      | Found a sacrificial altar of Ru.
  5904 | D:7      | Found a flagged portal.
  5957 | Bailey   | Entered a bailey
  6048 | Bailey   | Reached ***** piety under Trog
  6197 | Bailey   | Noticed an orc knight
  6197 | Bailey   | Noticed an orc knight
  6214 | Bailey   | Killed an orc knight
  6215 | Bailey   | Reached XP level 10. HP: 74/88 MP: 10/10
  6224 | Bailey   | HP: 2/132 [orc knight/+0 war axe (27)]
  6225 | Bailey   | Mangled by an orc warrior

Illustrated notes

Levels and vault maps discovered:
D:1:      wander_arrival_estate, layout_basic
D:2:      layout_rooms, minivault_11, uniq_crazy_yiuf_cottage
D:3:      layout_loops_ring, grunt_ministairs_15, minmay_joined_circles,
          uniq_natasha, uniq_sigmund
D:4:      layout_cave_pools, portal_sewer_entry_f, dk_noncrumbling_4,
          uniq_grinder
D:5:      layout_rooms, mainiacjoe_overflow_cross_hatched,
          minmay_fractal_squares_5, uniq_menkaure
D:6:      layout_cave_pools, grunt_temple_overflow_holy_war,
          kennysheep_little_box, nicolae_ru_path_of_blood, minivault_25,
          uniq_blork_the_orc
D:7:      layout_basic, minmay_temple_entry_poolview, enter_bailey_5,
          uniq_maggie
Bailey:   bailey_axe_minmay_hex_keep, bailey

Skill      XL: |  1  2  3  4  5  6  7  8  9 |
---------------+----------------------------+-----
Fighting       | 3 4 5 6 |  6.0
Maces & Flails | 3 4 5 6 7 9 |  9.2
Armour         | 3 4 5 6 7 9 |  9.4
Dodging        | 2 3 |  3.5
Stealth        | 1 2 3 |  3.5

Action                     |  1- 3 |  4- 6 |  7- 9 | 10-12 || total
---------------------------+-------+-------+-------+-------++-------
  Melee: Mace              |    70 |   159 |    23 |       ||   252
         Tailslap          |     7 |    14 |    49 |     1 ||    71
         Flail             |       |       |   368 |    11 ||   379
         Punch             |       |       |     1 |       ||     1
 Invoke: Berserk           |     2 |     5 |     7 |       ||    14
         Trog's Hand       |       |       |     1 |       ||     1
    Use: Scroll            |     3 |       |     9 |       ||    12
         Potion            |       |       |     1 |       ||     1
   Stab: Sleeping          |       |       |     5 |       ||     5
         Distracted        |       |       |     1 |       ||     1
 Armour: Animal skin       |    10 |       |       |       ||    10
         Scale mail        |    37 |   118 |   101 |       ||   256
         Shadow dragon sca |       |       |   113 |       ||   113
         Gold dragon scale |       |       |   333 |     9 ||   342
  Dodge: Dodged            |    41 |    90 |   188 |     3 ||   322
